 Dungeon Crawl Stone Soup version 0.30-a0-170-g85af917532 (webtiles) character file.

Game seed: 15845451939811678847

274 qw the Chopper (level 6, -1/38 HPs)
             Began as a Gargoyle Fighter on Sept 30, 2022.
             Slain by Eustachio
             ... wielding a +0 rapier
              (3 damage)
             ... on level 5 of the Dungeon.
             The game lasted 00:00:52 (2197 turns).

qw the Chopper (Gargoyle Fighter)                   Turns: 2197, Time: 00:00:53

Health: -1/38      AC: 13    Str: 21      XL:     6   Next: 24%
Magic:  6/6        EV: 11    Int:  9      God:
Gold:   140        SH:  4    Dex:  8 (9)  Spells: 5/5 levels left

rFire   . . .      SeeInvis .    Y - +1 war axe
rCold   . . .      Faith    .    c - +0 buckler
rNeg    + . .      Spirit   .    i - +0 chain mail
rPois   inf        Reflect  .    (no helmet)
rElec   +          Harm     .    (no cloak)
rCorr   .          Rampage  .    (no gloves)
Will    .....                    (no boots)
Stlth   ..........               (no amulet)
HPRegen 0.12/turn                k - +4 ring of evasion
MPRegen 0.10/turn                (no ring)

@: about to teleport
A: sickness immunity, AC +4, negative energy resistance 1, electricity
resistance, torment resistance 1, petrification resistance
a: no special abilities


You were on level 5 of the Dungeon.
You visited 1 branch of the dungeon, and saw 4 of its levels.

You collected 140 gold pieces.


Innate Abilities, Weirdness & Mutations

You are immune to sickness and miasma.
Your stone body is resilient. (AC +4)
You are immune to poison.
You resist negative energy. (rN+)
You are resistant to electric shocks. (rElec)
You are resistant to unholy torment.
You are immune to petrification.


   Skills:
 - Level 4.2 Fighting
 + Level 5.3 Axes
 - Level 3.2 Armour
 - Level 3.2 Shields


You had 5 spell levels left.
You didn't know any spells.
Your spell library was empty.

Inventory:

Hand Weapons
 g - a +0 club
 Y - a +1 war axe (weapon)
Armour
 c - a +0 buckler (worn)
 i - a +0 chain mail (worn)
Jewellery
 k - a +4 ring of evasion (left hand)
Scrolls
 a - a scroll of amnesia {unknown}
 l - a scroll of vulnerability {unknown}
Potions
 b - a potion of heal wounds
 d - a potion of might
 e - a potion of curing
 f - a potion of cancellation {unknown}
 j - a potion of brilliance {unknown}

Dungeon Overview and Level Annotations

Branches:
Dungeon (5/15)
 Temple: D:4-7

Altars:
Ashenzari
Uskayaw

Annotations:
D:5 Duvessa, Eustachio, Menkaure


Message History

The quasit closely misses you. The quasit completely misses you.
The river rat closely misses you. The quasit bites you.
The quasit claws you but does no damage. x2
You slash the quasit!
The quasit is severely wounded.
You hit the river rat.
A wyvern comes into view.
The river rat bites you.
The quasit bites you but does no damage.
The quasit claws you but does no damage. x2
You closely miss the quasit.
The quasit is severely wounded.
You barely miss the white imp. You barely miss the river rat.
The wyvern hisses angrily.
The quasit disappears in a puff of smoke!
Eustachio gestures wildly while chanting.
The white imp closely misses you.
The river rat bites you but does no damage.
You barely miss the river rat.
The river rat is moderately wounded.
You completely miss the rat. You barely miss the white imp.
The rat disappears in a puff of smoke!
The bat hits you but does no damage. The white imp barely misses you.
The river rat barely misses you. The white imp gestures at you.
The puff of frost misses you.
You closely miss the river rat.
The river rat is moderately wounded.
You barely miss the white imp. You hit the wyvern. You slash Eustachio!
The wyvern bites you!
The river rat bites you but does no damage.
Eustachio mumbles some strange words.
The wyvern bites you.
The white imp hits you but does no damage.
Menkaure, Prince of Dust comes into view.
2197 ||| READING scroll of teleportation.
As you read the scroll of teleportation, it crumbles to dust.
You feel strangely unstable. The wyvern bites you.
The river rat barely misses you. Eustachio hits you with a +0 rapier.
You die...

...# # ...# . #. ...#
..#.#####...###
..............M
..>....r5¤.....
#......5r@b¤.... ##.#.
#@# e# (.. #l# s.# ...
#.# .e# # #.# #)#...#.#
#.# #)#......
#####.######.%......
#...................
#####.####.##.~~~~~~~~~.
......# #.##.~.......~e


You could see Eustachio, a wyvern, Menkaure, 2 river rats, 2 white imps and a
bat (summoned).

Vanquished Creatures
  2 scorpions
  Dowan (D:5)
  A hound (D:5)
  Natasha (D:2)
  An ufetubus (D:5)
  2 worms (D:2)
  An orc (D:5)
  3 bats
  4 endoplasms
  3 giant cockroaches
  4 goblins
  3 hobgoblins
  5 jackals (D:2)
  3 kobolds
  A quokka (D:2)
  4 ball pythons
  4 frilled lizards (D:2)
  2 rats (D:1)
45 creatures vanquished.

Notes
Turn   | Place    | Note
-------+----------+-------------------------------------------
     0 | D:1      | qw the Gargoyle Fighter began the quest for the Orb.
     0 | D:1      | Reached XP level 1. HP: 14/14 MP: 1/1
     0 | D:1      | 0 ||| qw: Version: 0.2-a-12-gaebbb33
     0 | D:1      | 0 ||| qw: Game counter: 1425
     0 | D:1      | 0 ||| qw: Always use a shield: true
     0 | D:1      | 0 ||| qw: God list: Okawaru
     0 | D:1      | 0 ||| qw: Allow faded altars: false
     0 | D:1      | 0 ||| qw: Do Orc after D:15 true
     0 | D:1      | 0 ||| qw: Do second Lair branch before Depths: true
     0 | D:1      | 0 ||| qw: Lair rune preference: random
     0 | D:1      | 0 ||| qw: Plans: Normal, Zot:1-4, God:TSO, Crypt, Tomb,
                  | Pan, Slime:5, Hells, Abyss, Orb
     0 | D:1      | 0 ||| PLANNING D:1-11
   171 | D:1      | Reached skill level 2 in Axes
   382 | D:1      | Reached XP level 2. HP: 17/19 MP: 2/2
   615 | D:1      | 615 ||| UPGRADING to +0 chain mail.
   625 | D:1      | 625 ||| DROPPING +0 scale mail.
   626 | D:1      | 626 ||| UPGRADING to +4 ring of evasion.
   627 | D:1      | 627 ||| READING scroll labelled GOAREI QURUPT.
   628 | D:1      | 628 ||| READING 2 scrolls labelled TANGURCH WAUCW.
   685 | D:2      | 685 ||| Stepping ~*~*~tactically~*~*~ (stealth).
   702 | D:2      | 702 ||| Stepping ~*~*~tactically~*~*~ (stealth).
   738 | D:2      | Reached skill level 3 in Axes
   871 | D:2      | Reached XP level 3. HP: 23/23 MP: 3/3
  1199 | D:2      | Noticed Natasha
  1203 | D:2      | Killed Natasha
  1204 | D:2      | Reached XP level 4. HP: 28/28 MP: 4/4
  1516 | D:2      | 1516 ||| READING scroll labelled GOFOMYTZYA.
  1517 | D:2      | 1517 ||| READING scroll labelled MISUBL GAIHEET.
  1518 | D:2      | 1518 ||| DRINKING 2 grey potions.
  1519 | D:2      | 1519 ||| DRINKING 2 sapphire potions.
  1538 | D:3      | Noticed a scorpion
  1539 | D:3      | 1539 ||| STAIRDANCE
  1589 | D:3      | Killed a scorpion
  1590 | D:3      | Reached skill level 4 in Axes
  1590 | D:3      | Reached XP level 5. HP: 18/32 MP: 5/5
  1590 | D:3      | 1590 ||| STAIRDANCE
  1832 | D:3      | 1832 ||| Stepping ~*~*~tactically~*~*~ (stealth).
  1839 | D:3      | 1839 ||| Stepping ~*~*~tactically~*~*~ (stealth).
  2012 | D:3      | Found a hide-covered altar of Uskayaw.
  2013 | D:3      | You fall into a shaft and drop 2 floors!
  2013 | D:5      | Entered Level 5 of the Dungeon
  2032 | D:5      | Reached skill level 5 in Axes
  2129 | D:5      | Found a broken altar of Ashenzari.
  2135 | D:5      | Noticed Dowan
  2135 | D:5      | Noticed Duvessa
  2136 | D:5      | 2136 ||| Stepping ~*~*~tactically~*~*~ (hiding).
  2138 | D:5      | 2138 ||| Stepping ~*~*~tactically~*~*~ (hiding).
  2143 | D:5      | Reached XP level 6. HP: 34/38 MP: 6/6
  2143 | D:5      | 2143 ||| Stepping ~*~*~tactically~*~*~ (hiding).
  2154 | D:5      | 2154 ||| Stepping ~*~*~tactically~*~*~ (stealth).
  2169 | D:5      | Killed Dowan
  2176 | D:5      | Noticed Eustachio
  2177 | D:5      | 2177 ||| Stepping ~*~*~tactically~*~*~ (hiding).
  2193 | D:5      | Noticed a wyvern
  2196 | D:5      | HP: 5/38 [wyvern (5)]
  2196 | D:5      | Noticed Menkaure
  2197 | D:5      | 2197 ||| READING scroll of teleportation.
  2197 | D:5      | HP: 2/38 [wyvern (3)]
  2197 | D:5      | Slain by Eustachio

Levels and vault maps discovered:
D:1:      heliophobic_arrival_henge, layout_rooms
D:2:      layout_basic, st_stairs_4, kennysheep_doodads, uniq_natasha
D:3:      layout_loops_ring, nicolae_uskayaw_dance_hall, uniq_terence, uniq_ijyb
D:5:      layout_loops_cross, minitemple, mainiacjoe_overflow_catwalk_spiral,
          uniq_eustachio, uniq_duvessa, uniq_menkaure

Skill      XL: |  1  2  3  4  5 |
---------------+----------------+-----
Axes           | 2 3 4 5 |  5.3
Fighting       | 4 |  4.2
Armour         | |  3.2
Shields        | |  3.2

Action                   |  1- 3 |  4- 6 || total
-------------------------+-------+-------++-------
Melee: War axe           |   104 |    83 ||   187
  Use: Scroll            |     2 |     3 ||     5
       Potion            |       |     2 ||     2
Armor: Scale mail        |    26 |       ||    26
       Chain mail        |    15 |    72 ||    87
Dodge: Dodged            |    54 |    78 ||   132
Block: Buckler           |    24 |    20 ||    44

Table legend:
 A = Non-vault XP
 B = Vault XP
 C = Vault XP percentage of total XP
 D = Non-vault monster count
 E = Vault monster count
 F = Vault count percentage of total count
                 A         B        C        D         E       F
            +---------+---------+-------+---------+---------+-------
      Total |     287 |     105 |  26.8 |      40 |       5 |  11.1
            +---------+---------+-------+---------+---------+-------
        D:1 |      15 |       0 |   0.0 |       9 |       0 |   0.0
        D:2 |      37 |      38 |  50.7 |      19 |       4 |  17.4
        D:3 |     101 |       0 |   0.0 |       8 |       0 |   0.0
        D:5 |     134 |      67 |  33.3 |       4 |       1 |  20.0
            +---------+---------+-------+---------+---------+-------
